 Dungeon Crawl Stone Soup version 0.30.1-9-gdf580d7c3d (webtiles) character file.

Game seed: 14837936460482558078

91 kingsuperguy the Covered (level 5, -7/46 HPs)
             Began as a Meteoran Fighter on Sept 29, 2023.
             Was an Initiate of Yredelemnul.
             Mangled by an iguana (9 damage)
             ... on level 4 of the Dungeon.
             The game lasted 00:06:55 (1366 turns).

kingsuperguy the Covered (Meteoran Fighter)         Turns: 1366, Time: 00:06:55

Health: -7/46      AC:  7    Str: 19    XL:     5   Next: 12%
Magic:  6/6        EV:  9    Int:  9    God:    Yredelemnul [......]
Gold:   134        SH:  5    Dex: 14    Spells: 4/4 levels left

rFire   . . .        a - +0 flail
rCold   . . .        c - +0 buckler
rNeg    . . .        b - +0 scale mail
rPois   .            (no helmet)
rElec   .            (no cloak)
rCorr   .            (no gloves)
SInv    .            (no boots)
Will    .....        (no amulet) Stlth
                     (no ring)
HPRegen 0.27/turn    (no ring)
MPRegen 0.10/turn

%: no passive effects
@: mighty, glowing
A: sense surroundings 1, otherworldly, glowing, explore regen
a: Renounce Religion, Recall Undead Harvest


You were on level 4 of the Dungeon.
You worshipped Yredelemnul.
Yredelemnul was noncommittal.
You visited 1 branch of the dungeon, and saw 4 of its levels.

You collected 134 gold pieces.

Inventory:

Hand Weapons
 a - a +0 flail (weapon)
Armour
 b - a +0 scale mail (worn)
 c - a +0 buckler (worn)
Jewellery
 g - a ring of resist corrosion
Scrolls
 e - a scroll of acquirement {unknown}
 f - a scroll of torment {unknown}
 j - a scroll of teleportation {unknown}
 k - a scroll of amnesia {unknown}
 m - 4 scrolls of identify {unknown}
 o - a scroll of magic mapping {unknown}
 p - 2 scrolls of fear {unknown}
Potions
 d - a potion of might
 h - 3 potions of curing {unknown}
 i - a potion of heal wounds {unknown}
 l - a potion of ambrosia {unknown}
 n - a potion of resistance {unknown}


   Skills:
 + Level 3.9 Fighting
 + Level 4.0 Maces & Flails
 + Level 4.5 Armour
 + Level 1.2 Dodging
 + Level 4.0 Shields


You had 4 spell levels left.
You didn't know any spells.
Your spell library contained the following spells:

 Spells                   Type           Power      Damage    Failure   Level
 Sublimation of Blood     Necr           0%         N/A       91%         2
 Summon Guardian Golem    Hex/Summ       0%         N/A       99%         3
 Petrify                  Tmut/Erth      0%         N/A       100%        4
 Irradiate                Conj/Tmut      0%         3d11      100%        5
 Orb of Destruction       Conj           0%         9d5       100%        7
 Spellforged Servitor     Conj/Summ      0%         N/A       100%        7


Dungeon Overview and Level Annotations

Branches:
Dungeon (4/15) Zot: 972
 Temple: D:4-7

Altars:
Yredelemnul


Innate Abilities, Weirdness & Mutations

You passively map a small area around you.
You are easily found by Zot.
You glow in the dark.
You regain HP and MP as you explore.


Message History

You barely miss the iguana. You block the iguana's attack.
The iguana bites you!
* * * LOW HITPOINT WARNING * * *
Your endoplasm zombie barely misses the iguana.
The iguana barely misses you.
An orc comes into view. It is wielding a +0 dagger.
The orc wizard hits you with a +0 dagger.
* * * LOW HITPOINT WARNING * * *
The iguana bites you.
* * * LOW HITPOINT WARNING * * *
You swap places.
Your endoplasm zombie hits the iguana but does no damage.
The orc wizard points at you and mumbles some strange words.
Your endoplasm zombie appears confused.
The iguana bites your endoplasm zombie!
Your endoplasm zombie is destroyed!
Your endoplasm zombie closely misses the iguana.
The iguana hisses menacingly.
You block the iguana's attack. The iguana attacks as you move away!
The iguana bites you.
* * * LOW HITPOINT WARNING * * *
Your endoplasm zombie barely misses the iguana.
The orc wizard casts a spell.
The orc wizard flickers and vanishes!
Deactivating autopickup; reactivate with Ctrl-A.
Your endoplasm zombie misses the iguana.
The iguana attacks as you move away! The iguana bites you.
* * * LOW HITPOINT WARNING * * *
You hit the iguana but do no damage. The iguana bites you.
* * * LOW HITPOINT WARNING * * *
You hit the iguana.
The iguana is moderately wounded.
You block the iguana's attack.
You feel very mighty all of a sudden.
The iguana bites you but does no damage.
You sock the iguana!
The iguana is almost dead.
The iguana bites you!
You die...
Your body rises from the dead as a mindless zombie.

#.Z..o.....#
# #Z##.# , #
####Z##o# *
#.o...l.# ,,*
#.##.#### ,
,* #.##.# *
,* *
#l##.......#
#l##########
#@#
############
#.#
#.ZZZ.Z....##
#.#
#.######.....
#.####.#
#.#.##
#...Z..#
#Z#...
########
#Z#### #Z####
#..... ######


You could see 2 iguanas and an orc.

Vanquished Creatures
  An adder (D:4)
  A worm (D:3)
  2 dart slugs
  6 orcs (D:3)
  5 bats
  8 endoplasms
  2 giant cockroaches
  2 hobgoblins
  8 jackals
  A quokka (D:4)
  4 ball pythons (D:3)
  10 frilled lizards
  5 goblins
  6 kobolds
  5 rats
66 creatures vanquished.

Vanquished Creatures (others)
  3 endoplasm zombies (D:4)
  A hobgoblin zombie (D:4)
4 creatures vanquished.

Grand Total: 70 creatures vanquished

Notes
Turn   | Place    | Note
-------+----------+-------------------------------------------
     0 | D:1      | kingsuperguy the Meteoran Fighter began the quest for the
                  | Orb.
     0 | D:1      | Reached XP level 1. HP: 19/19 MP: 2/2
    38 | D:1      | Reached XP level 2. HP: 9/26 MP: 3/3
   260 | D:2      | Reached XP level 3. HP: 33/33 MP: 4/4
   506 | D:3      | Reached XP level 4. HP: 32/40 MP: 5/5
   610 | D:3      | Reached skill level 1 in Dodging
   691 | D:3      | Found a basalt altar of Yredelemnul.
   696 | D:3      | Became a worshipper of Yredelemnul the Dark
   901 | D:2      | You fall into a shaft and drop 1 floor!
  1081 | D:4      | Reached XP level 5. HP: 46/46 MP: 6/6
  1270 | D:4      | Reached * piety under Yredelemnul
  1363 | D:4      | HP: 1/46 [iguana (6)]
  1366 | D:4      | Mangled by an iguana

Illustrated notes

Levels and vault maps discovered:
D:1:      lemuel_arrival_cross, layout_basic, minmay_close_crescents
D:2:      minmay_recursive_quarters, layout_basic,
          shapermc_ecumenical_altar_mp_vishouse, glass_columns_b,
          serial_bayou_pond_d, minmay_lizard_pond
D:3:      minmay_evil_eye, layout_loops_ring,
          mainiacjoe_overflow_six_doors_small
D:4:      layout_loops_cross, minmay_starry_boxes

Skill      XL: |  1  2  3  4  5 |
---------------+----------------+-----
Armour         | 4 |  4.5
Maces & Flails | 3 4 |  4.0
Dodging        | 1 |  1.2
Shields        | 4 |  4.0
Fighting       | |  3.9

Action                     |  1- 3 |  4- 6 || total
---------------------------+-------+-------++-------
  Melee: Flail             |   118 |   107 ||   225
    Use: Potion            |       |     1 ||     1
 Armour: Scale mail        |   114 |    78 ||   192
  Dodge: Dodged            |    81 |    67 ||   148
  Block: Buckler           |    49 |    37 ||    86
